 Dungeon Crawl Stone Soup version 0.18.1-48-g4cf74bf (console) character file.

734209 Homage the Executioner (level 27, -6/222 (224) HPs)
             Began as a Formicid Fighter on Aug 18, 2016.
             Was the Champion of the Shining One.
             Killed from afar by a Hell Sentinel (35 damage)
             ... with damnation
             ... on level 7 of the Iron City of Dis on Aug 19, 2016.
             The game lasted 06:54:13 (87481 turns).

Homage the Executioner (Formicid Fighter)          Turns: 87481, Time: 06:54:14

HP:   -6/222 (224)  AC: 52    Str: 34    XL:     27
MP:   24/40         EV: 22    Int: 13    God:    the Shining One [******]
Gold: 7093          SH: 32    Dex: 24    Spells: 3 memorised, 22 levels left

rFire  + + .     SeeInvis +     a - +9 executioner's axe (holy) {!d!f}
rCold  + . .     Gourm    .     Z - +14 crystal plate armour of Koptoenk {rCorr Str+3 Int+4, !d!f}
rNeg   + + +     Faith    .     y - +0 large shield {!d!f}
rPois  .         Spirit   .     (helmet unavailable)
rElec  +         Dismiss  .     p - +0 cloak of Vehumet's Indignation {+Fly rF+ Regen+, !d!f}
rCorr  +         Reflect  +     Q - +2 pair of gloves of Shielding {rElec rC+ Dex+5, !d!f}
SustAt +         Harm     .     c - +2 pair of boots {run} {!d!f}
MR     ++++.                    T - +4 amulet of reflection {!d!f}
Stlth  ..........               F - ring of False Pretenses {SustAt Str+4 Dex+3}
                                J - ring "Xufaav" {*Drain rElec rF+ MR++ Stlth+, !d!f!P}

@: glowing, quick, incredibly resistant to hostile enchantments, extremely
unstealthy
A: permanent stasis, dig shafts and tunnels, four strong arms, antennae 3,
hooves 1
a: Dig, Shaft Self, Divine Shield, Cleansing Flame, Summon Divine Warrior,
Renounce Religion, Evoke Flight
}: 6/15 runes: serpentine, barnacled, slimy, silver, golden, abyssal


You were on level 7 of the Iron City of Dis.
You worshipped the Shining One.
The Shining One was exalted by your worship.
You were very hungry.

You visited 14 branches of the dungeon, and saw 64 of its levels.
You visited the Abyss 1 time.
You visited 1 bazaar.
You also visited: Labyrinth, Ossuary, Ice Cave and Wizlab.

You collected 10106 gold pieces.
You spent 3013 gold pieces at shops.


Innate Abilities, Weirdness & Mutations

You are under a permanent stasis effect.
You can dig through walls and to a lower floor.
Your four strong arms can wield two-handed weapons with a shield.
You have a pair of large antennae on your head (SInv).
You have large cloven feet.


   Skills:
 - Level 20.0 Fighting
 - Level 26.0 Axes
 - Level 23.0 Armour
 - Level 16.0 Dodging
 - Level 24.0 Shields
 + Level 26.0 Invocations


You had 22 spell levels left.
You knew the following spells:

 Your Spells              Type           Power        Failure   Level  Hunger
s - Swiftness             Chrm/Air       #.......     100%        2    ###....
A - Apportation           Tloc           #.........   99%         1    ##.....
Z - Summon Butterflies    Summ           #.......     99%         1    ##.....

Inventory:

Hand Weapons
 a - a +9 executioner's axe of holy wrath (weapon) {!d!f}
 b - a +9 executioner's axe of chopping {!d!f}
Missiles
 l - 6 throwing nets (quivered)
Armour
 c - a +2 pair of boots of running (worn) {!d!f}
 p - the +0 cloak of Vehumet's Indignation (worn) {+Fly rF+ Regen+, !d!f}
   (You acquired it on level 7 of the Dungeon)

   It protects you from fire.
   It lets you fly.
   It increases your rate of regeneration.
 y - a +0 large shield (worn) {!d!f}
 Q - the +2 pair of gloves of Shielding (worn) {rElec rC+ Dex+5, !d!f}
   (Okawaru gifted it to you on level 8 of the Lair of Beasts)

   It affects your dexterity (+5).
   It protects you from cold.
   It insulates you from electricity.
 Z - the +14 crystal plate armour of Koptoenk (worn) {rCorr Str+3 Int+4, !d!f}
   (You found it on level 3 of the Elven Halls)

   It affects your strength (+3).
   It affects your intelligence (+4).
   It protects you from acid and corrosion.
Jewellery
 F - the ring of False Pretenses (right hand) {SustAt Str+4 Dex+3}
   (You found it on level 6 of the Pits of Slime)

   [ring of sustain attributes]

   It sustains your strength, intelligence and dexterity.
   It affects your strength (+4).
   It affects your dexterity (+3).
 J - the ring "Xufaav" (left hand) {*Drain rElec rF+ MR++ Stlth+, !d!f!P}
   (You took it off a merfolk on level 4 of the Shoals)

   [ring of protection from fire]

   It protects you from fire.
   It insulates you from electricity.
   It affects your resistance to hostile enchantments.
   It causes draining when unequipped.
   It makes you more stealthy.
 K - an uncursed ring of protection from cold
 T - a +4 amulet of reflection (around neck) {!d!f}
Wands
 A - a wand of digging (8/24)
Scrolls
 d - 9 scrolls of recharging
 g - 6 scrolls of magic mapping
 i - 6 scrolls of fog
 k - 7 scrolls of fear
 o - 12 scrolls of immolation
 u - 3 scrolls of amnesia
 w - 19 scrolls of remove curse
 x - 7 scrolls of identify
 H - 4 scrolls of holy word
 P - a scroll of silence {!r}
 U - 2 scrolls of summoning
Potions
 j - 10 potions of resistance
 m - 13 potions of curing
 s - 8 potions of flight
 t - 8 potions of might
 v - 4 potions of agility
 B - 12 potions of brilliance
 L - 10 potions of heal wounds
 M - 3 potions of magic
 S - 3 potions of cancellation
Miscellaneous
 e - the horn of Geryon
Comestibles
 f - 29 bread rations
 n - 4 royal jellies
 q - 25 meat rations
 z - 14 slices of pizza
 D - 6 beef jerkies


Message History

The golden flame engulfs the tormentor.
The tormentor writhes in agony!
You kill the tormentor!
The Shining One accepts your kill.
You feel better.
You feel your power returning.
Your Invocations skill increases to level 26!
You are feeling very hungry.
The tormentor says, "I will drown you in your own blood."
You hit the Hell Sentinel but do no damage.
The Hell Sentinel is moderately wounded.
The golden flame engulfs you! You resist.
The golden flame engulfs the Hell Sentinel.
The Hell Sentinel writhes in agony!
The Hell Sentinel is heavily wounded.
The golden flame engulfs the tormentor.
The tormentor writhes in agony!
You kill the tormentor!
The Shining One accepts your kill.
You feel better.
You feel somewhat more hungry. The Hell Sentinel gestures at you.
The damnation unfurls!
The damnation engulfs you!
You die...

..... ..... ...... ......
#####################''''##
...................1.......
...........................
................@1..2......
#######.#####..............
#.# #.###########.. #.# #.#
#.# #.# #.# #.# #.# #.# {
#.# #.# #.#


You could see 2 Hell Sentinels and a tormentor.

Vanquished Creatures
  the Royal Jelly (Slime:6)
  Mara (Snake:4)
  Mennas (Vaults:3)
  An ancient lich (Abyss:1)
  30 greater mummies
  Geryon (Hell)
  Saint Roka (Orc:2)
  Nikola (Shoals:3)
  A curse toe (Crypt:3)
  2 profane servitors
  2 golden dragons (Vaults:5)
  the Enchantress (Depths:2)
  Jory (Crypt:1)
  9 liches
  A Brimstone Fiend (Dis:3)
  A Cloud Mage (WizLab)
  2 tentacled monstrosities
  Rupert (D:12)
  6 deep elf blademasters
  10 titans
  2 quicksilver dragons
  3 deep elf master archers
  Polyphemus (Shoals:3)
  The ghost of doroboNeko the Warrior, an adept OgHu of Okawaru (Snake:2)
  6 sphinxes
  9 tentacled starspawn
  19 acid blobs
  3 krakens
  An Executioner (Dis:5)
  13 ancient champions
  The ghost of CatHerder the Executioner, an adept MiBe of Trog (Snake:3)
  Gastronok (Lair:1)
  A storm dragon (Vaults:5)
  Ilsuiw (Shoals:4)
  3 revenants
  4 shadow dragons (Vaults:5)
  19 fire giants
  9 azure jellies
  5 tengu reavers
  6 greater nagas
  A ghost moth (Abyss:4)
  A daeva (Abyss:1)
  5 deep elf sorcerers
  Aizul (Depths:1)
  25 frost giants
  An iron dragon (Depths:1)
  An emperor scorpion (Abyss:4)
  A juggernaut zombie (Crypt:1)
  A caustic shrike zombie (Crypt:2)
  6 vault wardens
  Louise (Elf:3)
  3 balrugs
  2 cacodemons
  5 curse skulls
  9 ghouls
  16 very ugly things
  4 deep elf elementalists
  5 war gargoyles
  4 spriggan defenders
  8 ironheart preservers
  9 reapers
  3 salamander stormcallers
  18 stone giants
  5 vampire knights
  A green draconian (Crypt:2)
  4 lorocyprocas
  Azrael (Orc:2)
  4 bennus (Tomb:3)
  8 deep elf demonologists
  6 deep elf annihilators
  A white draconian (Crypt:2)
  A spark wasp (shapeshifter) (D:13)
  4 spark wasps (Depths:2)
  2 pearl dragon zombies (Crypt:2)
  A mottled draconian (Crypt:2)
  8 ettins
  3 blizzard demons
  11 deep elf death magi
  4 eidola
  8 merfolk javelineers
  27 vault guards
  7 death oozes (Slime:6)
  A crystal guardian (Abyss:4)
  10 merfolk impalers
  8 jiangshi
  A great orb of eyes (shapeshifter) (Vaults:5)
  19 mummy priests
  4 fire dragons
  The ghost of JirkfaceJones the Cleaver, a journeyman MiBe of Trog (D:12)
  14 naga warriors
  A minotaur (Lab)
  Josephine (D:11)
  Harold (D:9)
  8 great orbs of eyes
  4 deep elf high priests
  10 yaktaur captains
  2 entropy weavers (D:15)
  A quicksilver dragon skeleton (Tomb:3)
  7 ice dragons
  2 rakshasas
  4 spriggan air magi
  10 hydras
  2 catoblepae
  2 merfolk aquamancers
  5 centaur warriors
  2 anacondas (shapeshifter)
  15 anacondas
  6 death knights
  The ghost of omnirizon the Ripper, a journeyman FeNe of Jiyva (Snake:4)
  The ghost of cheese the Basher, a journeyman GrBe of Trog (D:14)
  7 tengu warriors
  A queen ant (Lair:3)
  11 ogre magi
  3 merfolk avatars
  9 hell hogs
  5 satyrs
  9 death yaks
  28 dancing weapons
  An orc high priest (Orc:2)
  8 deep troll shamans
  4 vampire magi
  The ghost of Letos the Carver, a journeyman GrFi of Okawaru (Lair:1)
  2 spriggan berserkers (Depths:2)
  10 shock serpents
  5 deep troll earth magi
  A thrashing horror (Abyss:1)
  31 deep elf knights
  5 soul eaters
  2 iron golems (Hell)
  A storm dragon zombie (Vaults:5)
  6 naga sharpshooters
  8 sun demons
  6 shadow wraiths
  An iron troll (Depths:1)
  11 small abominations
  11 deep trolls
  A fire crab (Vaults:2)
  49 death scarabs
  5 hell knights (Hell)
  2 spark wasp zombies
  An anaconda zombie (Dis:4)
  5 salamander mystics
  14 sea snakes
  34 skeletal warriors
  A storm dragon skeleton (Tomb:3)
  3 spatial maelstroms (Abyss:4)
  3 wretched stars (Abyss:1)
  10 flayed ghosts
  An unseen horror (shapeshifter) (Vaults:2)
  A ghost moth zombie (Dis:6)
  12 naga ritualists
  13 hill giants
  9 unseen horrors
  3 giant orange brains
  12 orc knights
  An anaconda skeleton (Tomb:1)
  21 anubis guards
  19 mana vipers
  16 ironbrand convokers
  Pikel (D:4)
  2 golden dragon skeletons
  10 phantasmal warriors
  11 deep elf archers
  21 harpies
  3 wizards
  A fire giant zombie (Hell)
  2 orb spiders (Abyss:4)
  A lindwurm (shapeshifter) (Elf:1)
  4 tengu zombies
  12 necromancers
  5 wolf spiders
  46 ugly things
  2 wolf spider zombies
  63 deep elf magi
  A wolf spider (shapeshifter) (D:14)
  2 frost giant zombies
  20 salamanders
  An iron dragon zombie (Crypt:2)
  An oklob plant (D:11)
  An orb spider (shapeshifter) (Vaults:3)
  A dire elephant zombie (Abyss:1)
  A hornet (Vaults:4)
  8 fauns
  A stone giant zombie (Dis:3)
  2 sphinx skeletons
  10 griffons
  A moth of wrath (shapeshifter) (Vaults:4)
  6 orc sorcerers
  2 sixfirhies
  5 shining eyes
  63 black mambas
  A shock serpent zombie (Tomb:3)
  A stone giant skeleton (Vaults:3)
  9 manticores
  A shadow dragon skeleton (Tomb:1)
  12 rust devils
  A fire giant skeleton (Vaults:2)
  2 worldbinders (Abyss:4)
  An iron dragon skeleton (Crypt:1)
  11 cyclopes
  30 naga magi
  A guardian serpent (shapeshifter) (Depths:2)
  3 human skeletons (Vaults:2)
  7 sirens
  2 guardian serpents (Snake:1)
  2 octopodes (shapeshifter)
  An eye of devastation (shapeshifter) (D:14)
  2 drowned souls (Abyss:4)
  10 elephants
  Maurice (D:12)
  4 apis skeletons (Crypt:2)
  A water nymph (shapeshifter) (D:14)
  An ice statue (IceCv)
  16 vault sentinels
  11 water nymphs
  2 apocalypse crabs
  3 centaur skeletons
  7 smoke demons
  3 frost giant skeletons
  A torpor snail (Lair:4)
  2 eyes of devastation
  3 centaur zombies
  6 orange demons
  A gargoyle (D:11)
  An elf zombie (Vaults:5)
  17 spiny frogs
  A grey draconian zombie (Crypt:1)
  An emperor scorpion zombie (Dis:6)
  2 orc skeletons
  2 human zombies (Vaults:2)
  A pale draconian zombie (Crypt:3)
  4 rime drakes
  A rime drake (shapeshifter) (D:15)
  2 yaktaur zombies
  27 yaktaurs
  2 ice devils
  A catoblepas zombie (Crypt:2)
  A hellion (Hell)
  16 freezing wraiths
  15 komodo dragons
  A sea snake skeleton (Crypt:2)
  55 guardian mummies
  A harpy zombie (Crypt:3)
  5 tormentors
  2 kobold demonologists
  4 red devils
  5 ancient zymes
  6 trolls
  A merfolk (shapeshifter) (Depths:1)
  18 merfolk
  3 tengu conjurers
  A minotaur zombie (Lab)
  A green draconian skeleton (Crypt:2)
  A wind drake (shapeshifter) (Vaults:5)
  A polar bear (shapeshifter) (Depths:2)
  26 polar bears
  2 ettin zombies
  15 wind drakes
  Grinder (D:6)
  A jumping spider zombie (Crypt:3)
  16 blink frogs
  11 raiju
  A shadow dragon simulacrum (Abyss:1)
  10 two-headed ogres
  21 ushabtiu
  16 large abominations
  The ghost of Tonish the Chiller, an amateur HuIE (D:3)
  A bog body (Crypt:2)
  3 boulder beetles
  A hydra skeleton (Crypt:1)
  A deep troll zombie (Hell)
  44 slime creatures
  A fire dragon zombie (Hell)
  An ice dragon zombie (Depths:1)
  25 flying skulls
  A stone giant simulacrum (Vaults:3)
  A fire giant simulacrum (Vaults:3)
  14 snapping turtles
  30 air elementals
  A shock serpent simulacrum (Crypt:2)
  An alligator skeleton (Crypt:1)
  10 redbacks
  2 ettin skeletons (Crypt:3)
  6 shadows
  2 black mamba zombies
  2 ynoxinuls
  10 spriggans
  54 yaks
  A spriggan (shapeshifter) (Vaults:1)
  14 water elementals
  9 vampires
  A human (D:8)
  A fire bat (shapeshifter) (Vaults:2)
  2 tarantellas (shapeshifter)
  9 wraiths
  A centaur simulacrum (D:15)
  9 basilisks
  5 wyverns
  4 chaos spawn
  8 golden eyes
  14 fire elementals
  A hippogriff (shapeshifter) (Depths:1)
  19 hippogriffs
  3 neqoxecs (Abyss:1)
  12 vampire mosquitoes
  9 spatial vortices (Abyss:4)
  4 hungry ghosts
  4 mottled dragons
  54 nagas
  12 wargs
  7 insubstantial wisps (WizLab)
  A merfolk skeleton (Crypt:2)
  20 soldier ants (Lair:3)
  19 water moccasins
  A water moccasin (shapeshifter) (Vaults:5)
  3 giant eyeballs
  A monstrous demonspawn skeleton (Crypt:1)
  15 porcupines
  21 hell hounds
  An ice dragon simulacrum (Crypt:3)
  42 orc warriors
  7 eyes of draining
  A necrophage (D:8)
  3 sky beasts
  A slave (D:3)
  2 spiny frog skeletons (Crypt:3)
  A wasp (shapeshifter) (D:15)
  19 ice beasts
  4 wasps
  A blink frog zombie (Crypt:2)
  2 fire dragon simulacra
  14 black bears
  2 phantoms
  9 boggarts
  A manticore skeleton (Abyss:1)
  42 ogres
  38 wolves
  25 centaurs
  20 crocodiles
  5 big kobolds
  3 gnoll sergeants
  2 wyvern zombies
  26 giant frogs
  An earth elemental (Elf:1)
  A human simulacrum (Depths:1)
  A komodo dragon skeleton (Crypt:3)
  5 water moccasin zombies (Ossuary)
  A hell hound skeleton (Crypt:2)
  A spriggan zombie (Dis:4)
  10 scorpions
  An elf simulacrum (Vaults:2)
  7 killer bees
  6 wights
  4 electric eels
  2 howler monkeys
  The ghost of Sonofthefire the Sneak, a weakling OpAs (D:5)
  8 crimson imps
  A wasp zombie (D:12)
  4 giant frog zombies
  A lava snake (D:14)
  46 starcursed masses
  24 jellies
  A two-headed ogre zombie (Crypt:2)
  18 hounds
  47 orc wizards
  A gnoll shaman (D:7)
  30 orc priests
  Crazy Yiuf (D:2)
  6 iron imps
  3 giant frog skeletons
  13 iguanas
  4 hell rats (Hell)
  A two-headed ogre skeleton (Crypt:3)
  33 worker ants
  A killer bee zombie (Crypt:2)
  27 sheep
  A sky beast zombie (Crypt:1)
  2 giant frog simulacra (D:12)
  2 big kobold zombies (Ossuary)
  A hound skeleton (D:6)
  52 mummies
  A worker ant zombie (D:10)
  Robin (D:3)
  23 gnolls
  9 adders
  35 river rats
  A scorpion zombie (Crypt:1)
  9 shadow imps
  3 white imps
  3 ufetubi
  3 oozes
  12 adder zombies
  An adder skeleton (D:7)
  An iguana skeleton (Crypt:2)
  A worm (D:3)
  4 dart slugs
  7 giant geckos
  130 orcs
  9 giant cockroaches
  17 goblins
  6 hobgoblins
  32 jackals
  13 kobolds
  4 quokkas
  3 ball pythons
  13 bats
  A giant gecko skeleton (D:4)
  A giant gecko zombie (D:7)
  4 giant newts
  2 gnoll zombies (Ossuary)
  2 hobgoblin zombies (Ossuary)
  8 kobold zombies (Ossuary)
  5 orc zombies (Ossuary)
  2 quokka skeletons
  6 rats
  A rat skeleton (Crypt:2)
  2 rat zombies (D:6)
  A river rat skeleton (Crypt:3)
  2 crawling corpses (Elf:3)
  2 fire vortices (Vaults:5)
  17 fungi
  A lurking horror (Abyss:4)
  32 plants
  6 starspawn tentacles
  7 tentacles
3351 creatures vanquished.

Vanquished Creatures (collateral kills)
  A merfolk javelineer (Shoals:4)
1 creature vanquished.

Vanquished Creatures (others)
  A lich (Tomb:2)
  2 deep elf master archers (Elf:3)
  A tengu reaver (Vaults:2)
  A fire giant (Vaults:3)
  A deep elf sorcerer (Elf:3)
  A vault warden (Vaults:5)
  A deep elf elementalist (Elf:3)
  4 stone giants
  A salamander stormcaller (Vaults:5)
  Nessos (Lair:6)
  3 merfolk javelineers
  A fire dragon (Depths:2)
  Fannar (D:10)
  A centaur warrior (Vaults:4)
  A hell hog (Hell)
  2 naga sharpshooters
  25 death scarabs (Tomb:2)
  A deep troll (Vaults:5)
  A large abomination (Elf:3)
  4 deep elf archers
  An ironbrand convoker (Vaults:5)
  A mana viper (Snake:1)
  A frost giant zombie (Crypt:3)
  A deep elf mage (Crypt:2)
  A cyclops (Orc:2)
  2 fauns
  A black mamba (Snake:4)
  12 yaktaurs
  A hydra zombie (Tomb:2)
  A shadow dragon simulacrum (Tomb:2)
  A blink frog (Abyss:4)
  10 flying skulls
  A neqoxec (Abyss:4)
  A naga (Snake:4)
  An ogre (Vaults:5)
  A fire dragon simulacrum (Tomb:2)
  A boggart (Depths:1)
  2 centaurs
  A wasp zombie (Crypt:1)
  2 jellies
  An orc priest (D:4)
  An orc wizard (D:12)
  3 mummies (Tomb:2)
  An ooze (D:7)
  3 orcs
  A jackal (D:4)
  A quokka (D:4)
  A giant gecko skeleton (D:4)
  A kobold skeleton (Tomb:2)
  2 crawling corpses (Elf:3)
  A demonic plant (Abyss:4)
  21 fungi
  9 lost souls
  A lurking horror (Abyss:4)
  26 plants
  10 starspawn tentacles
  53 starspawn tentacle segments
  15 tentacles
  1078 tentacle segments
1326 creatures vanquished.

Grand Total: 4678 creatures vanquished

Notes
Turn   | Place    | Note
--------------------------------------------------------------
     0 | D:1      | Homage the Formicid Fighter began the quest for the Orb.
     0 | D:1      | Reached XP level 1. HP: 18/18 MP: 1/1
   135 | D:1      | HP: 3/18 [poisoned by an adder]
   137 | D:1      | Reached XP level 2. HP: 4/24 MP: 2/2
   139 | D:1      | Reached skill level 3 in Axes
   141 | D:1      | HP: 3/24 [poisoned by an adder]
   494 | D:1      | Reached XP level 3. HP: 29/29 MP: 3/3
  1075 | D:2      | Found a glowing golden altar of the Shining One.
  1274 | D:2      | Reached XP level 4. HP: 32/35 MP: 4/4
  2018 | D:3      | HP: 7/35 [giant gecko (3)]
  2296 | D:3      | Reached XP level 5. HP: 15/41 MP: 5/5
  2775 | D:2      | Noticed Crazy Yiuf
  2779 | D:2      | Killed Crazy Yiuf
  2993 | D:3      | Noticed Tonish's ghost (amateur HuIE)
  2995 | D:3      | Found a white marble altar of Elyvilon.
  3411 | D:3      | Killed Tonish's ghost
  3411 | D:3      | Reached skill level 6 in Shields
  3411 | D:3      | Reached XP level 6. HP: 10/47 MP: 6/6
  3753 | D:3      | Found an opulent altar of Gozag.
  3943 | D:3      | Reached XP level 7. HP: 52/52 MP: 7/7
  4412 | D:4      | Found a staircase to the Ecumenical Temple.
  4423 | D:4      | Noticed Robin
  4649 | D:3      | Killed Robin
  4787 | D:4      | Noticed Pikel
  4799 | D:4      | Killed Pikel
  4799 | D:4      | Reached XP level 8. HP: 15/58 MP: 8/8
  5035 | D:4      | Found an oddly glowing altar of Pakellas.
  5035 | D:4      | Noticed an orange crystal statue
  5052 | Temple   | Entered the Ecumenical Temple
  5319 | D:4      | Found Nefulegh's Weapon Shoppe.
  5332 | D:4      | Bought a +0 vampiric war axe for 125 gold pieces
  5764 | D:4      | Reached skill level 6 in Axes
  5922 | D:5      | Entered Level 5 of the Dungeon
  5986 | D:5      | Noticed Sonofthefire's ghost (weakling OpAs)
  6038 | D:5      | Killed Sonofthefire's ghost
  6383 | D:5      | Reached XP level 9. HP: 60/64 MP: 9/9
  7098 | D:6      | Noticed Grinder
  7120 | D:6      | Killed Grinder
  7212 | D:6      | Found a sand-covered staircase.
  7219 | Ossuary  | Entered an ossuary
  7766 | D:6      | Reached skill level 9 in Axes
  8201 | D:6      | Found a bloodstained altar of Trog.
  8576 | D:7      | Found Esugio's Magic Scroll Emporium.
  8579 | D:7      | Bought a scroll of recharging for 104 gold pieces
  8579 | D:7      | Bought a scroll of enchant weapon for 82 gold pieces
  8579 | D:7      | Bought a scroll of identify for 22 gold pieces
  8642 | D:7      | Found Wygrel's Armour Boutique.
  8668 | D:7      | Reached XP level 10. HP: 70/70 MP: 10/10
  8733 | D:7      | Found Jyddej's Assorted Antiques.
  8739 | D:7      | Found a radiant altar of Vehumet.
  8797 | D:7      | Found Pezoehos's Food Emporium.
  9135 | D:7      | Found Kalegen's Armour Boutique.
  9726 | D:8      | Reached skill level 9 in Shields
  9937 | D:8      | Gained mutation: You possess an exceptional clarity of mind. [mutagenic meat]
 10078 | D:8      | Found a shattered altar of Ashenzari.
 10542 | D:8      | Noticed a hill giant
 10555 | D:8      | Killed a hill giant
 10555 | D:8      | Reached skill level 9 in Armour
 10661 | D:9      | Found a shimmering altar of Xom.
 10676 | D:9      | Noticed an unseen horror
 10709 | D:9      | Killed an unseen horror
 10709 | D:9      | Reached XP level 11. HP: 75/75 MP: 11/11
 10736 | D:9      | Reached skill level 1 in Dodging
 10898 | D:9      | Found a stormy altar of Qazlal.
 10936 | D:9      | Found a sacrificial altar of Ru.
 10936 | D:9      | Found a snail-covered altar of Cheibriados.
 10972 | D:9      | Found an iron altar of Okawaru.
 10980 | D:9      | Became a worshipper of Warmaster Okawaru
 11238 | D:9      | Reached skill level 3 in Dodging
 11253 | D:9      | Reached * piety under Okawaru
 11405 | D:9      | Reached ** piety under Okawaru
 11819 | D:10     | Entered Level 10 of the Dungeon
 11819 | D:10     | Noticed Harold
 11853 | D:9      | Killed Harold
 11853 | D:9      | Reached skill level 12 in Axes
 11982 | D:10     | Noticed an unseen horror
 12003 | D:10     | Killed an unseen horror
 12503 | D:10     | Noticed a hill giant
 12520 | D:10     | Killed a hill giant
 12520 | D:10     | Reached *** piety under Okawaru
 12929 | D:10     | Reached XP level 12. HP: 58/81 MP: 9/12
 13422 | D:11     | Found a staircase to the Orcish Mines.
 13423 | D:11     | Noticed Fannar
 13572 | D:10     | Killed Fannar
 14087 | D:11     | Found a staircase to the Lair.
 14265 | D:11     | Reached skill level 3 in Invocations
 14284 | D:11     | Noticed an unseen horror
 14323 | D:11     | Killed an unseen horror
 14489 | D:11     | Reached **** piety under Okawaru
 14521 | D:11     | HP: 16/81 [orc wizard/puff of flame (8)]
 15088 | D:10     | Reached skill level 6 in Invocations
 15271 | D:11     | Noticed Josephine
 15280 | D:11     | Killed Josephine
 15291 | D:11     | HP: 13/81 [wraith[Josephine] (8)]
 15295 | D:11     | HP: 1/81 [wraith[Josephine] (9)]
 15615 | D:11     | Received a gift from Okawaru
 15763 | D:11     | Found an oddly glowing altar of Pakellas.
 15879 | D:11     | Noticed an eight-headed hydra
 15893 | D:11     | Killed a six-headed hydra
 15893 | D:11     | Reached XP level 13. HP: 55/86 MP: 17/17
 16110 | D:7      | Bought a +0 shield of reflection for 110 gold pieces
 16224 | D:7      | Bought a pair of embroidered boots for 112 gold pieces
 16231 | D:7      | Bought a twisted blue amulet for 125 gold pieces
 16507 | Lair:1   | Entered Level 1 of the Lair of Beasts
 16536 | Lair:1   | Reached skill level 15 in Axes
 16805 | Lair:1   | Reached ***** piety under Okawaru
 17163 | Lair:1   | Noticed Letos's ghost (journeyman GrFi)
 17170 | Lair:1   | Received a gift from Okawaru
 17181 | Lair:1   | Killed Letos's ghost
 17182 | Lair:1   | Got a pair of slimy gloves {god gift}
 17188 | Lair:1   | Identified the +0 pair of gloves of Okawaru's Envy {rC+ Regen+ Int-3} (Okawaru gifted it to you on level 1 of the Lair of Beasts)
 17300 | Lair:1   | Noticed Gastronok
 17313 | Lair:1   | Killed Gastronok
 18008 | Lair:2   | Noticed a seven-headed hydra
 18026 | Lair:2   | Killed a one-headed hydra
 18757 | Lair:3   | Found a labyrinth entrance.
 18763 | Lab      | Entered a labyrinth
 18857 | Lab      | Noticed a minotaur
 18862 | Lab      | Got an encrusted ring mail
 18862 | Lab      | Got an emerald-studded ring mail
 18921 | Lab      | Identified the cursed +0 ring mail "Padwel" {rPois rC+ Str+4 Int+2} (You found it in a labyrinth)
 18932 | Lab      | Identified the +0 ring mail "Opoutwewk" {rElec rF+} (You found it in a labyrinth)
 19060 | Lab      | Reached skill level 12 in Armour
 19312 | Lab      | Killed a minotaur
 20047 | Lair:3   | Reached XP level 14. HP: 85/93 MP: 18/18
 20607 | Lair:3   | Found a staircase to the Shoals.
 20672 | Shoals:1 | Entered Level 1 of the Shoals
 20913 | Lair:4   | Received a gift from Okawaru
 21618 | Lair:5   | Found a staircase to the Snake Pit.
 21637 | Lair:5   | Received a gift from Okawaru
 21637 | Lair:5   | Reached skill level 9 in Invocations
 21640 | Lair:5   | Got a warped longbow {god gift}
 21641 | Lair:5   | Lost intelligence.
 21641 | Lair:5   | Identified the +0 longbow of Rubbish {flame, rF+ rC+ Int-5} (Okawaru gifted it to you on level 5 of the Lair of Beasts)
 21743 | Snake:1  | Entered Level 1 of the Snake Pit
 21896 | Lair:5   | Got a creamy pearl robe
 21907 | Lair:5   | Identified the cursed +1 robe of Marbles {MR+} (You found it on level 5 of the Lair of Beasts)
 22546 | Lair:5   | HP: 18/93 [poisoned by a black mamba]
 22551 | Lair:5   | HP: 14/93 [poisoned by a black mamba]
 22556 | Lair:5   | HP: 12/93 [poisoned by a black mamba]
 22561 | Lair:5   | HP: 11/93 [poisoned by a black mamba]
 22564 | Lair:5   | HP: 5/93 [water moccasin (7)]
 23235 | Lair:6   | Reached skill level 12 in Shields
 23296 | Lair:6   | Noticed Nessos
 23314 | Lair:6   | Killed Nessos
 23607 | Lair:6   | Reached XP level 15. HP: 91/98 MP: 21/21
 23638 | Lair:6   | Reached ****** piety under Okawaru
 23651 | Lair:6   | Reached skill level 6 in Dodging
 23798 | Lair:6   | Received a gift from Okawaru
 24582 | Lair:7   | Reached skill level 6 in Fighting
 24891 | Lair:8   | Entered Level 8 of the Lair of Beasts
 25300 | Lair:8   | Received a gift from Okawaru
 25303 | Lair:8   | Got a pair of jewelled gloves {god gift}
 25333 | Lair:8   | Identified the +2 pair of gloves of Shielding {rElec rC+ Dex+5} (Okawaru gifted it to you on level 8 of the Lair of Beasts)
 25338 | Lair:8   | Found a viscous altar of Jiyva.
 25338 | Lair:8   | Found a staircase to the Slime Pits.
 25743 | Slime:1  | Entered Level 1 of the Pits of Slime
 26676 | Lair:5   | Reached skill level 15 in Shields
 27422 | Snake:1  | Reached XP level 16. HP: 113/115 MP: 6/22
 28033 | Snake:1  | Received a gift from Okawaru
 28197 | Snake:1  | HP: 22/115 [naga mage (2)]
 28203 | Lair:5   | HP: 19/115 [poisoned by a naga mage (poison arrow)]
 28209 | Lair:5   | HP: 17/115 [poisoned by a naga mage (poison arrow)]
 28216 | Lair:5   | HP: 18/115 [poisoned by a naga mage (poison arrow)]
 28224 | Lair:5   | HP: 18/115 [poisoned by a naga mage (poison arrow)]
 29998 | Snake:2  | Noticed doroboNeko's ghost (adept OgHu)
 29999 | Snake:2  | Noticed a greater naga
 30413 | D:12     | Noticed JirkfaceJones's ghost (journeyman MiBe)
 30448 | D:12     | Found Xysidd's Magic Scroll Shop.
 30465 | D:12     | Found Likoc's Assorted Antiques.
 30470 | D:12     | Bought a bubbling white potion for 24 gold pieces
 30490 | D:12     | Found Cutua's Book Shoppe.
 30523 | D:12     | Reached skill level 18 in Axes
 30538 | D:12     | Noticed Rupert
 30575 | D:12     | Killed Rupert
 30587 | D:12     | Found a frozen archway.
 30604 | IceCv    | Entered an ice cave
 31208 | IceCv    | Received a gift from Okawaru
 31242 | IceCv    | Got an iridescent broad axe {god gift}
 31243 | IceCv    | Identified the +7 broad axe "Ylykekash" {venom, Int+3 Stlth+} (Okawaru gifted it to you in an ice cave)
 31276 | IceCv    | Noticed a frost giant
 31291 | IceCv    | Reached XP level 17. HP: 79/120 MP: 23/23
 31343 | IceCv    | Got a pitted glaive
 31347 | IceCv    | Identified the +7 glaive "Grim Tooth" {chop, rN++ Str-4} (You found it in an ice cave)
 31936 | D:12     | Killed JirkfaceJones's ghost
 31962 | D:12     | Noticed Maurice
 31975 | D:12     | Killed Maurice
 33139 | D:13     | Received a gift from Okawaru
 33218 | D:13     | Identified the Compendium of Ignition
 33904 | D:14     | Noticed a storm dragon
 33904 | D:14     | a hill giant changed into a storm dragon
 33928 | D:14     | a storm dragon changed into a ghost moth
 34180 | D:14     | Found a gate to the Vaults.
 34476 | D:14     | Noticed cheese's ghost (journeyman GrBe)
 34498 | D:14     | Killed cheese's ghost
 34644 | D:14     | Found a blossoming altar of Fedhas.
 35031 | D:15     | Entered Level 15 of the Dungeon
 35248 | D:15     | Received a gift from Okawaru
 35257 | D:15     | Got a warped battleaxe {god gift}
 35261 | D:15     | Identified the +5 battleaxe "Fageolih" {chop, rN+ MR+} (Okawaru gifted it to you on level 15 of the Dungeon)
 35282 | D:15     | Found a staircase to the Depths.
 35309 | Depths:1 | Entered Level 1 of the Depths
 35803 | D:15     | Reached skill level 18 in Shields
 36074 | D:15     | Got a shimmering robe
 36086 | D:15     | Identified the +1 robe "Exihasagg" {rPois MP+9 Stlth+} (You took it off a deep elf mage on level 15 of the Dungeon)
 36114 | D:15     | Reached XP level 18. HP: 125/127 MP: 16/24
 37066 | Depths:1 | Noticed Aizul
 37071 | Depths:1 | Received a gift from Okawaru
 37134 | Depths:1 | Killed Aizul
 37147 | Depths:1 | HP: 23/127 [spark wasp zombie[a necromancer] (11)]
 37198 | Depths:1 | Noticed a tentacled monstrosity
 37199 | Depths:1 | HP: 24/127 [tentacled monstrosity (6)]
 37830 | D:15     | Received a gift from Okawaru
 37831 | D:15     | Got a smoking cloak {god gift}
 37873 | D:15     | Identified the +0 cloak "Siex" {rPois} (Okawaru gifted it to you on level 15 of the Dungeon)
 38813 | Snake:2  | Got a transparent dagger
 38818 | Snake:2  | Identified the cursed +1 dagger "Ataminya" {antimagic, -Tele Str+7} (You found it on level 2 of the Snake Pit)
 39074 | Snake:2  | Reached skill level 9 in Fighting
 39745 | Snake:2  | Got a slimy shortbow
 39746 | Snake:2  | Identified the +11 shortbow of Precise Incision {venom, MR- Dex+5} (You found it on level 2 of the Snake Pit)
 40659 | Snake:3  | Noticed CatHerder's ghost (adept MiBe)
 40667 | Snake:3  | Killed CatHerder's ghost
 40793 | Snake:3  | Reached skill level 15 in Armour
 41063 | Snake:3  | Reached XP level 19. HP: 129/140 MP: 25/25
 42280 | Snake:4  | Entered Level 4 of the Snake Pit
 42388 | Snake:4  | Noticed omnirizon's ghost (journeyman FeNe)
 42401 | Snake:4  | Killed omnirizon's ghost
 42484 | Snake:4  | Noticed Mara
 42503 | Snake:4  | Noticed Homage's illusion
 42536 | Snake:4  | Killed Mara
 42536 | Snake:4  | Received a gift from Okawaru
 42537 | Snake:4  | Got an ichor-stained ring mail {god gift}
 42685 | Snake:4  | Identified the +1 ring mail of the Voivode {rF+ MR- Dex+4} (Okawaru gifted it to you on level 4 of the Snake Pit)
 43666 | Snake:4  | HP: 27/140 [poisoned by a greater naga (bolt of poison)]
 43671 | Snake:4  | HP: 22/140 [poisoned by a greater naga (bolt of poison)]
 43677 | Snake:4  | HP: 20/140 [poisoned by a greater naga (bolt of poison)]
 43683 | Snake:4  | HP: 11/140 [poisoned by a greater naga (bolt of poison)]
 43689 | Snake:3  | HP: 12/140 [poisoned by a greater naga (bolt of poison)]
 43697 | Snake:3  | HP: 12/140 [poisoned by a greater naga (bolt of poison)]
 45263 | Snake:4  | Reached XP level 20. HP: 124/147 MP: 26/26
 45270 | Snake:4  | Received a gift from Okawaru
 45271 | Snake:4  | Got a twisted broad axe {god gift}
 45273 | Snake:4  | Identified the +1 broad axe of Okawaru's Condemnation {vamp, +Blink Str+4 Int+2} (Okawaru gifted it to you on level 4 of the Snake Pit)
 45281 | Snake:4  | Reached skill level 21 in Axes
 45524 | Snake:4  | Got a serpentine rune of Zot
 46133 | Snake:2  | Killed doroboNeko's ghost
 47199 | Shoals:4 | Entered Level 4 of the Shoals
 47199 | Shoals:4 | Found a flickering gateway to a bazaar.
 47220 | Bazaar   | Entered a bazaar
 47254 | Bazaar   | Found Iwnezou's Jewellery Boutique.
 47272 | Bazaar   | Found Sucw's Antique Armour Emporium.
 47289 | Bazaar   | Found Powkoof's Book Boutique.
 47306 | Bazaar   | Found Kewyleimn's Magic Scroll Shoppe.
 47346 | Bazaar   | Bought a gold dragon hide for 840 gold pieces
 47388 | Bazaar   | Bought a scroll of enchant weapon for 112 gold pieces
 47388 | Bazaar   | Bought a scroll of enchant armour for 112 gold pieces
 47388 | Bazaar   | Bought a scroll of enchant weapon for 112 gold pieces
 47388 | Bazaar   | Bought a scroll of enchant armour for 112 gold pieces
 48700 | Shoals:1 | Received a gift from Okawaru
 49993 | Shoals:3 | Noticed Nikola
 50009 | Shoals:3 | Killed Nikola
 50444 | Shoals:3 | Noticed Polyphemus
 50473 | Shoals:3 | Killed Polyphemus
 51154 | Shoals:4 | Received a gift from Okawaru
 51154 | Shoals:4 | Reached XP level 21. HP: 125/153 MP: 27/27
 51176 | Shoals:4 | Got a brightly glowing broad axe {god gift}
 51178 | Shoals:4 | Identified the +10 broad axe "Killer Bee's Doom" {chop, +Blink Str-3 Dex-2 SInv} (Okawaru gifted it to you on level 4 of the Shoals)
 52001 | Shoals:4 | Noticed Ilsuiw
 52034 | Shoals:4 | Killed Ilsuiw
 52236 | Shoals:4 | Got a steaming marble ring
 52466 | Shoals:4 | Got a crystal shortbow
 52467 | Shoals:4 | Identified the cursed +3 shortbow of Theory {venom, SInv} (You found it on level 4 of the Shoals)
 52611 | Shoals:4 | Got a barnacled rune of Zot
 52810 | Shoals:4 | Received a gift from Okawaru
 52811 | Shoals:4 | Got a dazzling ring mail {god gift}
 52836 | Shoals:4 | Identified the +0 ring mail of True Grit {rN+ MR+ Regen+ Stlth+} (Okawaru gifted it to you on level 4 of the Shoals)
 53165 | Shoals:4 | HP: 30/153 [poisoned by a merfolk javelineer]
 53170 | Shoals:4 | HP: 27/153 [poisoned by a merfolk javelineer]
 53175 | Shoals:4 | HP: 24/153 [poisoned by a merfolk javelineer]
 53181 | Shoals:4 | HP: 23/153 [poisoned by a merfolk javelineer]
 53186 | Shoals:4 | HP: 23/153 [poisoned by a merfolk javelineer]
 53194 | Shoals:4 | HP: 24/153 [poisoned by a merfolk javelineer]
 53202 | Shoals:4 | HP: 24/153 [poisoned by a merfolk javelineer]
 53214 | Shoals:4 | HP: 26/153 [snapping turtle (3)]
 53949 | Shoals:4 | Identified the ring "Xufaav" {*Drain rElec rF+ MR++ Stlth+} (You took it off a merfolk on level 4 of the Shoals)
 53979 | Shoals:4 | Got an opalescent robe
 53991 | Shoals:4 | Identified the +0 robe of Sorcery {*Corrode Int+4 Dex+2 SInv} (You found it on level 4 of the Shoals)
 54565 | Vaults:1 | Entered Level 1 of the Vaults
 54616 | Vaults:1 | Found a magical portal.
 54628 | WizLab   | Entered The Chambers of Foefarov the Cloud Mage
 54991 | WizLab   | Reached skill level 24 in Axes
 55552 | WizLab   | Identified the Almanac of Air
 55570 | WizLab   | Identified the Papyrus of Feathers
 56291 | Vaults:1 | Got a twisted buckler
 56305 | Vaults:1 | Identified the cursed +0 buckler of an ice cave {rPois rN+} (You found it on level 1 of the Vaults)
 57167 | Vaults:1 | Reached XP level 22. HP: 159/159 MP: 28/28
 58320 | Vaults:2 | Received a gift from Okawaru
 59354 | D:7      | Bought a scroll of magic mapping for 38 gold pieces
 59354 | D:7      | Bought a scroll of acquirement for 572 gold pieces
 59354 | D:7      | Bought a scroll of identify for 22 gold pieces
 59358 | D:7      | Got a fine cloak
 59369 | D:7      | Identified the +0 cloak of Vehumet's Indignation {+Fly rF+ Regen+} (You acquired it on level 7 of the Dungeon)
 59590 | D:2      | Fell from the grace of Okawaru
 59590 | D:2      | Became a worshipper of the Shining One
 60015 | Vaults:3 | Reached * piety under the Shining One
 60347 | Vaults:3 | Reached ** piety under the Shining One
 60348 | Vaults:3 | Noticed Mennas
 60499 | Vaults:3 | Killed Mennas
 60778 | Vaults:3 | Reached XP level 23. HP: 165/165 MP: 29/29
 61309 | Vaults:3 | Reached *** piety under the Shining One
 61347 | Vaults:3 | Found a staircase to the Crypt.
 61602 | Crypt:1  | Entered Level 1 of the Crypt
 61674 | Crypt:1  | Reached skill level 18 in Armour
 61711 | Crypt:1  | Reached **** piety under the Shining One
 62119 | Crypt:1  | Reached ***** piety under the Shining One
 62167 | Crypt:1  | Noticed Jory
 62193 | Crypt:1  | Killed Jory
 62639 | Crypt:2  | Reached ****** piety under the Shining One
 62914 | Crypt:2  | Found a basalt altar of Yredelemnul.
 62920 | Crypt:2  | Noticed a profane servitor
 62935 | Crypt:2  | Killed a profane servitor
 63019 | Crypt:2  | Got a pair of ancient boots
 63030 | Crypt:2  | Identified the +1 pair of boots of Bear {Regen+} (You acquired it on level 2 of the Crypt)
 63342 | Crypt:3  | Entered Level 3 of the Crypt
 63382 | Crypt:3  | HP: 33/165 [flayed ghost/flay_damage[a curse skull] (10)]
 63619 | Crypt:3  | Reached XP level 24. HP: 172/172 MP: 30/30
 63738 | Crypt:3  | Reached skill level 9 in Dodging
 63911 | Crypt:3  | Found an ancient bone altar of Kikubaaqudgha.
 63911 | Crypt:3  | Found a basalt altar of Yredelemnul.
 63911 | Crypt:3  | Noticed a curse toe
 63926 | Crypt:3  | Killed a curse toe
 63978 | Crypt:3  | Got a wavering silver ring
 63978 | Crypt:3  | Got a transparent brass ring
 63978 | Crypt:3  | Got a crude tin ring
 63980 | Crypt:3  | Identified the Collected Works on Sinister Secrets
 64012 | Crypt:3  | Identified the ring of Edecionte {+Blink rF- rN+ Str+6 Int-2} (You found it on level 3 of the Crypt)
 64014 | Crypt:3  | Identified the ring "Hakhan" {rElec rPois rN+} (You found it on level 3 of the Crypt)
 64016 | Crypt:3  | Identified the ring of Law {rN+ Int+7} (You found it on level 3 of the Crypt)
 64054 | Crypt:3  | Got a faintly glowing copper ring
 64057 | Crypt:3  | Identified the ring of the Morning {Str+3 Int+2} (You found it on level 3 of the Crypt)
 64499 | Crypt:3  | Found a staircase to the Tomb.
 64506 | Tomb:1   | Entered Level 1 of the Tomb of the Ancients
 64683 | Vaults:3 | Was forgiven by Okawaru
 65158 | Orc:1    | Entered Level 1 of the Orcish Mines
 65179 | Orc:1    | Found a roughly hewn altar of Beogh.
 65904 | Orc:2    | Entered Level 2 of the Orcish Mines
 65940 | Orc:2    | Found a staircase to the Elven Halls.
 65979 | Orc:2    | Reached skill level 12 in Dodging
 66183 | Orc:2    | Noticed Saint Roka
 66194 | Orc:2    | Noticed Azrael
 66206 | Orc:2    | Killed Saint Roka
 66208 | Orc:2    | Killed Azrael
 66247 | Orc:2    | Found Baecaf's Assorted Antiques.
 66247 | Orc:2    | Found Izusoor's Antique Weapon Shop.
 66248 | Orc:2    | Found Zoth's General Store.
 66256 | Orc:2    | Found Foshut's General Store.
 66415 | Orc:2    | Bought a pair of scorched gloves for 209 gold pieces
 66418 | Orc:2    | Bought a scroll of torment for 82 gold pieces
 66421 | Orc:2    | Bought a potion of curing for 39 gold pieces
 66421 | Orc:2    | Bought a scroll of identify for 26 gold pieces
 66422 | Orc:2    | Bought a potion of curing for 33 gold pieces
 66640 | Elf:1    | Entered Level 1 of the Elven Halls
 66805 | Elf:1    | Identified the +2 pair of gloves of Experimentation {SInv} (You bought it in a shop on level 2 of the Orcish Mines)
 66986 | Elf:1    | Reached skill level 12 in Invocations
 67467 | Elf:2    | Found a huge runed gate.
 67467 | Elf:2    | Found a huge runed gate.
 67467 | Elf:2    | Found a huge runed gate.
 67467 | Elf:2    | Found a huge runed gate.
 67467 | Elf:2    | Found a huge runed gate.
 67472 | Elf:2    | Reached XP level 25. HP: 177/177 MP: 32/32
 68270 | Elf:3    | Entered Level 3 of the Elven Halls
 68424 | Elf:3    | Noticed Louise
 68652 | Elf:3    | Killed Louise
 68738 | Elf:3    | Got a crude morningstar {drain}
 68742 | Elf:3    | Got a pitted leather armour
 68744 | Elf:3    | Identified the +4 morningstar of Siuw {drain, *Corrode +Fly rPois Str+7} (You took it off a deep elf death mage on level 3 of the Elven Halls)
 68762 | Elf:3    | Identified the cursed +1 leather armour "Fydudoj" {MR+} (You took it off a deep elf mage on level 3 of the Elven Halls)
 68885 | Elf:3    | Got a slimy crystal plate armour
 68886 | Elf:3    | Identified the +14 crystal plate armour of Koptoenk {rCorr Str+3 Int+4} (You found it on level 3 of the Elven Halls)
 69023 | Elf:3    | Got an ancient pewter ring
 69024 | Elf:3    | Identified the ring of Ytzyoc {rC++ Str+5 Slay-4 Stlth+} (You found it on level 3 of the Elven Halls)
 70525 | Vaults:4 | Reached skill level 12 in Fighting
 70731 | Vaults:4 | Reached XP level 26. HP: 179/193 MP: 33/33
 70998 | Vaults:4 | Found Adiakhev's Gadget Shop.
 71162 | Vaults:5 | Entered Level 5 of the Vaults
 71201 | Vaults:4 | Reached skill level 21 in Armour
 71987 | Vaults:5 | Got a fine glaive {venom}
 71991 | Vaults:5 | Identified the cursed +1 glaive of Fundamental Breach {venom, *Noise rF+ Int+3 Stlth+} (You took it off a deep elf mage on level 5 of the Vaults)
 72064 | Vaults:5 | Reached skill level 15 in Fighting
 72075 | Vaults:5 | Reached XP level 27. HP: 207/207 MP: 33/33
 72461 | Vaults:5 | Got a silver rune of Zot
 72647 | Vaults:5 | Identified a +6 executioner's axe of holy wrath (a +4 executioner's axe of electrocution blessed by the Shining One)
 72647 | Vaults:5 | Received a gift from the Shining One
 72823 | Vaults:5 | Reached skill level 21 in Shields
 74066 | Slime:3  | Gained mutation: Your body sometimes deteriorates upon taking damage. [a shining eye]
 74208 | Slime:4  | Gained mutation: Your body often deteriorates upon taking damage. [a shining eye]
 74230 | Slime:4  | Lost mutation: Your body often deteriorates upon taking damage. [potion of cure mutation]
 74230 | Slime:4  | Lost mutation: You possess an exceptional clarity of mind. [potion of cure mutation]
 74230 | Slime:4  | Lost mutation: Your body sometimes deteriorates upon taking damage. [potion of cure mutation]
 74305 | Slime:6  | Entered Level 6 of the Pits of Slime
 74409 | Slime:6  | Noticed the Royal Jelly
 74453 | Slime:6  | Killed the Royal Jelly
 74653 | Slime:6  | Got a pair of encrusted gloves
 74664 | Slime:6  | Identified the +0 pair of gloves of Fiett {*Drain +Blink rPois rF+} (You found it on level 6 of the Pits of Slime)
 74701 | Slime:6  | Got a transparent scimitar
 74702 | Slime:6  | Identified the +3 scimitar "Qogyut" {antimagic, Str+2 Int+4} (You found it on level 6 of the Pits of Slime)
 74742 | Slime:6  | Got a slimy rune of Zot
 74777 | Slime:6  | Reached skill level 24 in Shields
 74784 | Slime:6  | Got a sparkling wooden ring
 74785 | Slime:6  | Identified the ring of False Pretenses {SustAt Str+4 Dex+3} (You found it on level 6 of the Pits of Slime)
 74806 | Slime:6  | Learned a level 1 spell: Summon Butterflies
 74854 | Slime:6  | Got a bloodstained hunting sling
 74855 | Slime:6  | Identified the +5 hunting sling of Makhleb's Hatred {venom, Dex+2} (You found it on level 6 of the Pits of Slime)
 74872 | Slime:6  | Got a jewelled scimitar
 74873 | Slime:6  | Identified the +9 scimitar of the Undead {flame, Dex+4} (You found it on level 6 of the Pits of Slime)
 74889 | Slime:6  | Got an iridescent demon blade
 74890 | Slime:6  | Identified the +7 demon blade of the Fifty Souls {venom, *Drain rPois rN+} (You found it on level 6 of the Pits of Slime)
 75839 | Tomb:1   | Reached skill level 15 in Dodging
 75905 | Tomb:1   | Noticed a greater mummy
 75916 | Tomb:1   | Killed a greater mummy
 76192 | Tomb:1   | Noticed a greater mummy
 76200 | Tomb:1   | Killed a greater mummy
 76200 | Tomb:1   | Reached skill level 15 in Invocations
 76319 | Tomb:1   | Noticed a greater mummy
 76330 | Tomb:1   | Killed a greater mummy
 76900 | Tomb:2   | Noticed a greater mummy
 76900 | Tomb:2   | Noticed a greater mummy
 76901 | Tomb:2   | Noticed a greater mummy
 76986 | Tomb:2   | Noticed a greater mummy
 77456 | Tomb:1   | Killed a greater mummy
 77456 | Tomb:1   | HP: 42/210 [torment (20)]
 77457 | Tomb:1   | Killed a greater mummy
 77642 | Tomb:1   | Killed a greater mummy
 77649 | Tomb:1   | Killed a greater mummy
 77968 | Tomb:2   | Reached skill level 18 in Invocations
 78249 | Tomb:1   | Noticed a greater mummy
 78249 | Tomb:1   | Noticed a greater mummy
 78249 | Tomb:1   | Noticed a greater mummy
 78257 | Tomb:2   | Killed a greater mummy
 78360 | Tomb:1   | Noticed a greater mummy
 78372 | Tomb:2   | Killed a greater mummy
 78781 | Tomb:1   | Killed a greater mummy
 78783 | Tomb:1   | Noticed a greater mummy
 78783 | Tomb:1   | Killed a greater mummy
 78873 | Tomb:1   | Killed a greater mummy
 78898 | Tomb:1   | Noticed a greater mummy
 78906 | Tomb:1   | Killed a greater mummy
 78968 | Tomb:1   | Noticed a greater mummy
 78983 | Tomb:1   | Noticed a greater mummy
 78985 | Tomb:1   | Killed a greater mummy
 79166 | Tomb:1   | Killed a greater mummy
 79242 | Tomb:1   | Noticed a greater mummy
 79256 | Tomb:1   | Noticed a greater mummy
 79259 | Tomb:1   | Killed a greater mummy
 79259 | Tomb:1   | Reached skill level 18 in Fighting
 79283 | Tomb:1   | Killed a greater mummy
 79297 | Tomb:1   | Noticed a greater mummy
 79393 | Tomb:1   | Killed a greater mummy
 79438 | Tomb:1   | Noticed a greater mummy
 79445 | Tomb:1   | Killed a greater mummy
 79573 | Tomb:1   | Noticed a greater mummy
 79573 | Tomb:1   | Noticed a greater mummy
 79579 | Tomb:1   | Killed a greater mummy
 79584 | Tomb:1   | Killed a greater mummy
 79708 | Tomb:2   | Got a crude robe
 79724 | Tomb:1   | Identified the +3 robe "Vebo" {rN+ MR+ MP+9} (You took it off a mummy priest on level 2 of the Tomb of the Ancients)
 79821 | Tomb:3   | Entered Level 3 of the Tomb of the Ancients
 79838 | Tomb:3   | Noticed a greater mummy
 79889 | Tomb:3   | Noticed a greater mummy
 79911 | Tomb:3   | Noticed a greater mummy
 80347 | Tomb:2   | Killed a greater mummy
 80349 | Tomb:2   | Killed a greater mummy
 80440 | Tomb:3   | Noticed a greater mummy
 80448 | Tomb:2   | Killed a greater mummy
 80788 | Tomb:3   | Killed a greater mummy
 80815 | Tomb:3   | Noticed a greater mummy
 80982 | Tomb:3   | Killed a greater mummy
 81059 | Tomb:3   | Noticed a greater mummy
 81061 | Tomb:3   | Noticed a greater mummy
 81065 | Tomb:3   | Killed a greater mummy
 81235 | Tomb:3   | Killed a greater mummy
 81403 | Tomb:3   | Got an ancient trident
 81406 | Tomb:3   | Identified the +5 trident of Aca Kizyesm {pain, Dex+4} (You found it on level 3 of the Tomb of the Ancients)
 81418 | Tomb:3   | Got an ancient ivory ring
 81419 | Tomb:3   | Identified the ring of Spite {rElec rN++ Int+3 Dex+3 Stlth-} (You found it on level 3 of the Tomb of the Ancients)
 81423 | Tomb:3   | Got a faintly glowing bone ring
 81424 | Tomb:3   | Identified the ring "Qoup" {MR+ Int+3} (You found it on level 3 of the Tomb of the Ancients)
 81466 | Tomb:3   | Got a colourful robe
 81470 | Tomb:3   | Got a crude leather armour
 81482 | Tomb:3   | Identified the +2 robe of the Moon {Dex+3} (You found it on level 3 of the Tomb of the Ancients)
 81492 | Tomb:3   | Identified the +1 leather armour "Mihypt Gemu" {Int+4} (You found it on level 3 of the Tomb of the Ancients)
 81547 | Tomb:3   | Got a warped marble ring
 81548 | Tomb:3   | Identified the ring of Paupuely {EV+3 Dex+4} (You found it on level 3 of the Tomb of the Ancients)
 81570 | Tomb:3   | Learned a level 2 spell: Swiftness
 81609 | Tomb:3   | Noticed a greater mummy
 81622 | Tomb:3   | Killed a greater mummy
 81622 | Tomb:3   | Reached skill level 21 in Invocations
 81758 | Tomb:3   | Got a twisted scimitar
 81759 | Tomb:3   | Identified the +5 scimitar of Baakkoa {freeze, rElec rPois rF+ rC+} (You found it on level 3 of the Tomb of the Ancients)
 81931 | Tomb:3   | Noticed a greater mummy
 81940 | Tomb:3   | Killed a greater mummy
 81977 | Tomb:3   | Got a golden rune of Zot
 83206 | Depths:1 | Learned a level 1 spell: Apportation
 83273 | Depths:1 | Gained mutation: Your spells are a little easier to cast, but a little less powerful. [mutagenic meat]
 83274 | Depths:1 | Gained mutation: Your flesh is cold resistant. [mutagenic meat]
 83291 | Depths:1 | Found a gateway to Hell.
 83297 | Depths:1 | Identified the Compendium of Displaced Aid
 83301 | Depths:1 | Got a transparent plate armour
 83302 | Depths:1 | Identified the +3 plate armour "Esit" {rF+ Dex+4} (You found it on level 1 of the Depths)
 83402 | Depths:2 | Found a one-way gate to the infinite horrors of the Abyss.
 83463 | Depths:2 | Found a gateway to a ziggurat.
 83662 | Depths:2 | Found a large runed door.
 83666 | Depths:2 | Found a large runed door.
 83672 | Depths:2 | Found a large runed door.
 83673 | Depths:2 | Found a large runed door.
 83673 | Depths:2 | Found a large runed door.
 83902 | Depths:2 | Noticed the Enchantress
 83917 | Depths:2 | Killed the Enchantress
 83929 | Depths:2 | Got a faerie dragon armour
 83932 | Depths:2 | Identified the +5 faerie dragon armour {*Contam Str+5 Int+2 Slay+2} (You took it off the Enchantress on level 2 of the Depths)
 84152 | Depths:2 | Found a large runed door.
 84214 | Depths:2 | Found a large runed door.
 84223 | Depths:2 | Found a large runed door.
 84442 | Depths:2 | Voluntarily entered the Abyss.
 85090 | Abyss:1  | Gained mutation: You are frail (-10% HP). [a neqoxec]
 85092 | Abyss:1  | Gained mutation: You are very frail (-20% HP). [a neqoxec]
 85098 | Abyss:1  | Lost mutation: Your spells are easier to cast, but less powerful. [potion of cure mutation]
 85098 | Abyss:1  | Lost mutation: You are very frail (-20% HP). [potion of cure mutation]
 85098 | Abyss:1  | Lost mutation: You are frail (-10% HP). [potion of cure mutation]
 85098 | Abyss:1  | Lost mutation: Your flesh is cold resistant. [potion of cure mutation]
 85204 | Abyss:1  | Noticed an ancient lich
 85213 | Abyss:1  | Killed an ancient lich
 85303 | Abyss:3  | Got an aquamarine-studded ring mail
 85314 | Abyss:4  | Identified the cursed +1 ring mail "Yteg" {rElec Regen+ rCorr Stlth-} (You found it on level 3 of the Abyss)
 85316 | Abyss:4  | Found a corrupted altar of Lugonu.
 85393 | Abyss:4  | Found a corrupted altar of Lugonu.
 85472 | Abyss:4  | Gained mutation: You are dopey. (Int -2) [a neqoxec]
 85847 | Abyss:4  | Got an abyssal rune of Zot
 86072 | Abyss:4  | Gained mutation: Your spells are a little easier to cast, but a little less powerful. [mutagenic meat]
 86097 | Abyss:4  | Reached skill level 24 in Invocations
 86221 | Depths:2 | Escaped the Abyss
 86457 | Temple   | Lost mutation: Your spells are a little easier to cast, but a little less powerful. [potion of cure mutation]
 86457 | Temple   | Lost mutation: You are dopey. (Int -2) [potion of cure mutation]
 86458 | Temple   | Gained mutation: You have large cloven feet. [potion of beneficial mutation]
 86700 | Hell     | Entered the Vestibule of Hell
 86700 | Hell     | Noticed Geryon
 86720 | Hell     | Killed Geryon
 86912 | Hell     | Found a gateway to the ashen valley of Gehenna.
 86987 | Hell     | Found a gateway to the Iron City of Dis.
 86998 | Dis:1    | Entered Level 1 of the Iron City of Dis
 87432 | Dis:7    | Entered Level 7 of the Iron City of Dis
 87475 | Dis:7    | HP: 42/222 [??? (21)]
 87476 | Dis:7    | HP: 20/222 [??? (9)]
 87481 | Dis:7    | Killed from afar by a Hell Sentinel

Vault maps used:
D:1:      saegor_arrival_simple_d, minivault_27, minmay_misc_feat_roman
D:2:      tso_altar, first_bread, minivault_27, uniq_crazy_yiuf_cottage
D:3:      lemuel_crystal_altar, marbit_many_paths, grunt_decor_one_mirror
D:4:      gammafunk_pakellas_statue_experiment, minmay_temple_entry_grid,
          serial_shops, shop, uniq_pikel, uniq_robin
D:6:      kennysheep_mini, enter_ossuary_4, uniq_grinder
D:7:      fiery_altar_vehumet, serial_shops, shop, shop, kennysheep_mini_moat,
          nicolae_shop_trees, shop, bh_walls_and_bars
D:8:      lemuel_crystal_altar, grunt_pizzeria
D:9:      kennysheep_okawaru_gauntlet, lemuel_doored_altar,
          gammafunk_temple_overflow_forgotten, stair_cage_line,
          onia_ninara_cookie
D:10:     nicolae_underground_beach, uniq_harold
D:11:     dpeg_oklobed_lair, orc_0_dummy, basic_altar, uniq_josephine,
          uniq_fannar
D:12:     serial_ice, serial_ice_a, serial_ice_d, serial_ice_n, serial_ice_f,
          portal_ice_cave_entry_ice_beasts, serial_shops, kennysheep_little_box,
          shop, shop, uniq_rupert, uniq_maurice
D:14:     david_vaults_2, fedhas_altar_1, kennysheep_island_fort
D:15:     grunt_enter_depths_magical_seal, minmay_strange_pillars
Temple:   minmay_temple_bridge_a_8
Lair:1:   serial_bayou, serial_bayou_pond_e, serial_bayou_pond_b,
          serial_bayou_ford_a, serial_bayou_lagoon_a, serial_bayou_lagoon_b,
          serial_bayou_pond_e, beast_lair_carwin_5, uniq_gastronok
Lair:2:   beast_lair_carwin_7, grunt_megastairs_1
Lair:3:   elwin_shoals_entry_rocks, lab_entry_generic, minivault_29
Lair:5:   minmay_snake_entry_six_corridors, wad_woods_01,
          infiniplex_staircase_pool
Lair:6:   uniq_nessos
Lair:8:   hangedman_lair_caniforms_friends, slime_altar_1, serial_bayou_shore_b,
          grunt_megastairs_3
Shoals:2: nicolae_shoals_cliffside_cave
Shoals:3: uniq_nikola, uniq_polyphemus
Shoals:4: shoals_end_simple, shoals_ilsuiw_alternative, serial_shops,
          bzr_in_the_mist
Snake:2:  grunt_ministairs_1, nicolae_snake_squiggles
Snake:3:  grunt_ministairs_7, st_stairs_3
Snake:4:  minmay_snake_end_coiled, uniq_mara
Slime:3:  uniq_dissolution
Slime:4:  nicolae_slime_welcoming_committee
Orc:1:    basic_altar, nicolae_orc_damp_corner, mines4_lemuel
Orc:2:    st_orc_mages, uniq_azrael, uniq_saint_roka
Elf:1:    minivault_28
Elf:3:    elf_hall, uniq_louise
Vaults:1: v_misc_23, ontoclasm_vaults_claustrophobia, nicolae_vaults_rhombus_6,
          st_octagons_2, ontoclasm_vaults_spin, v_misc_19, v_misc_27,
          infiniplex_enter_wizlab_glasses
Vaults:2: hangedman_vaults_slither, v_misc_12, nicolae_vaults_shelves_hall,
          st_hourglassy, nicolae_vaults_what_the_h, v_misc_5,
          grunt_vaults_twisty, ontoclasm_vaults_tryst,
          nicolae_vaults_circle_grid_a
Vaults:3: minmay_crypt_entry_vampire_xt, hangedman_vaults_corner,
          v_alt_pattern_5, nicolae_vaults_rhombus_5, hangedman_vaults_maws,
          hangedman_vaults_cutoff, uniq_mennas
Vaults:4: nicolae_vaults_little_squares_1, v_misc_30, v_alt_pattern_6,
          nicolae_vaults_circle_grid_a, v_misc_17, v_misc_24,
          hangedman_vaults_nails, hangedman_vaults_maws, ontoclasm_vaults_twist,
          hangedman_vaults_slice, vaults_room_door_ring, grunt_vaults_focal,
          vaults_mumra_hex, ontoclasm_vaults_gateway,
          nicolae_vaults_angled_halls, serial_shops,
          nicolae_shop_temple_entry_statues_fountains
Crypt:1:  grunt_ministairs_2, minivault_27, uniq_jory
Crypt:2:  hangedman_blasphemy
Crypt:3:  lightli_unholy_cathedral, nicolae_tomb_entry_grand_gallery,
          grunt_megastairs_2
Depths:1: lightli_too_deep, minmay_misc_feat_columns, serial_bayou_pond_b,
          spider_trap, solitary_fountain, kennysheep_big_empty_room,
          statue_in_the_mist_lemuel, grunt_tough_drop, uniq_aizul
Depths:2: minmay_five_octagons, enter_ziggurat_f,
          hangedman_abyss_or_decor_clamps, hell_entry, abyss_entry,
          serial_bayou_shore_b, uniq_enchantress
Dis:1:    evilmike_ambush
Dis:3:    evilmike_ambush
Dis:6:    hangedman_dis_decor_blocks_crown
Dis:7:    iron_city_of_dis
Abyss:3:  abyss_furniture_001
Abyss:4:  minivault_27, hangedman_decor_peaks_small,
          nicolae_abyss_rune_star_stuff
Lab:      labyrinth_hidden_loot, nicolae_lab_x
Bazaar:   bazaar_jpeg_circle_common
Ossuary:  ossuary_tomb_2
IceCv:    ice_cave_caverns_01
WizLab:   wizlab_cloud

Action                   |  1- 3 |  4- 6 |  7- 9 | 10-12 | 13-15 | 16-18 | 19-21 | 22-24 | 25-27 || total
-------------------------+-------+-------+-------+-------+-------+-------+-------+-------+-------++-------
Melee: War axe           |    91 |   141 |   555 |   810 |       |       |       |       |       ||  1597
       Quarterstaff      |       |     6 |       |       |       |       |       |       |       ||     6
       Battleaxe         |       |       |       |    74 |  1415 |  1620 |       |       |       ||  3109
       Hand axe          |       |       |       |     7 |   103 |       |       |       |       ||   110
       Broad axe         |       |       |       |       |       |    38 |       |       |       ||    38
       Unarmed           |       |       |       |       |       |     4 |       |       |       ||     4
       Glaive            |       |       |       |       |       |    15 |       |       |       ||    15
       Executioner's axe |       |       |       |       |       |   273 |  1422 |  1666 |  2378 ||  5739
Invok: Heroism           |       |       |       |     1 |     5 |    13 |     6 |       |       ||    25
       Finesse           |       |       |       |       |     5 |     6 |     8 |       |       ||    19
       Cleansing Flame   |       |       |       |       |       |       |       |     8 |    36 ||    44
       Divine Shield     |       |       |       |       |       |       |       |     1 |     2 ||     3
       Brand Weapon With |       |       |       |       |       |       |       |       |     1 ||     1
 Abil: Dig               |       |       |     3 |       |     1 |       |     2 |     1 |     8 ||    15
Evoke: Stone of tremors  |       |       |       |       |       |       |     1 |       |       ||     1
       Lamp of fire      |       |       |       |       |       |       |     1 |       |       ||     1
  Use: Potion            |     3 |     1 |     4 |     1 |     5 |     4 |     3 |     3 |    13 ||    37
       Scroll            |     2 |     6 |     6 |     5 |     8 |     9 |    27 |     5 |    28 ||    96
 Stab: Sleeping          |       |       |       |     3 |     4 |       |       |       |       ||     7
       Distracted        |       |       |       |     2 |     3 |     1 |       |       |       ||     6
       Petrified         |       |       |       |       |       |       |     7 |       |       ||     7
  Eat: Chunk             |     1 |     7 |     9 |    28 |    32 |    36 |    40 |    21 |    43 ||   217
       Beef jerky        |       |     1 |     1 |       |     6 |     1 |     6 |     3 |    10 ||    28
       Bread ration      |       |       |     2 |       |       |       |       |       |       ||     2
       Royal jelly       |       |       |     1 |       |     1 |     1 |       |       |       ||     3
       Fruit             |       |       |       |       |     3 |     8 |     3 |     9 |    16 ||    39
       Meat ration       |       |       |       |       |       |     1 |       |       |       ||     1
Armor: Scale mail        |    49 |    62 |    57 |       |       |       |       |       |       ||   168
       Chain mail        |       |       |   143 |    71 |       |       |       |       |       ||   214
       Plate armour      |       |       |       |   111 |   377 |   950 |   209 |       |       ||  1647
       Skin              |       |       |       |     1 |       |       |       |       |       ||     1
       Shadow dragon arm |       |       |       |   180 |   289 |       |       |       |       ||   469
       Robe              |       |       |       |       |    33 |       |       |       |       ||    33
       Gold dragon armou |       |       |       |       |       |       |   531 |   393 |    61 ||   985
       Crystal plate arm |       |       |       |       |       |       |       |       |   510 ||   510
Dodge: Dodged            |    34 |    49 |   137 |   236 |   581 |   722 |   473 |   182 |   519 ||  2933
Block: Shield            |    67 |    80 |   353 |   483 |   923 |  1499 |  1320 |   330 |       ||  5055
       Reflection        |       |       |       |       |     8 |    76 |   148 |    98 |   143 ||   473
       Large shield      |       |       |       |       |       |       |       |   909 |  2274 ||  3183
